Map: Dusk Towers

Players

Fropez - Winner!

  • Race: Protoss Protoss
  • League: Silver
  • Spawn Location: 7:00

UnaBaby

  • Race: Zerg Zerg
  • League: Silver
  • Spawn Location: 1:00

VOD

Have the link to the VOD?

Description

Time

  • Played on: June 16, 2016, 12:31 p.m.
  • Length: 8:49
Show
View Real Time Build Order
Export as new Build Order

Fropez Protoss - Winner!

Build Orders:  

Get SALT Encoding   

  12  0:03  Probe (Chrono Boost)  
  13  0:17  Probe (Chrono Boost)  
  13  0:18  Pylon  
  14  0:25  Assimilator  
  14  0:38  Gateway  
  14  0:41  Probe (Chrono Boost)  
  15  0:51  Probe (Chrono Boost)  
  16  1:02  Probe (Chrono Boost)  
  17  1:06  Gateway  
  17  1:12  Probe (Chrono Boost)  
  18  1:26  Pylon  
  18  1:47  Cybernetics Core  
  18  1:49  Probe (Chrono Boost)  
  18  1:52  Zealot  
  21  2:06  Probe (Chrono Boost)  
  22  2:10  Assimilator  
  22  2:13  Zealot  
  24  2:16  Probe (Chrono Boost)  
  25  2:24  Warp Gate (Chrono Boost)  
  25  2:27  Stalker  
  27  2:31  Probe (Chrono Boost)  
  28  2:48  Mothership Core  
  29  3:09  Probe  
  30  3:17  Pylon  
  31  3:32  Zealot  
  31  3:33  Probe  
  31  3:35  Pylon, Zealot  
  33  3:46  Probe  
  34  3:55  Pylon  
  34  3:58  Probe  
  35  4:05  Nexus  
  33  4:21  Pylon  
  33  4:23  Probe  
  34  4:31  Gateway  
  34  4:34  Gateway  
  34  4:35  Probe  
  34  4:51  Probe  
  31  4:58  Stalker x2  
  33  5:03  Probe  
  34  5:15  Probe  
  34  5:18  Probe  
  36  5:21  Twilight Council  
  36  5:29  Zealot x2  
  36  5:30  Probe  
  36  5:32  Probe  
  42  5:42  Probe x2  
  43  5:47  Zealot  
  46  5:54  Mothership Core  
  48  5:57  Robotics Facility  
  48  6:07  Probe  
  48  6:08  Adept  
  51  6:16  Probe  
  52  6:18  Probe  
  52  6:19  Assimilator  
  52  6:23  Assimilator, Zealot  
  52  6:24  Zealot  
  57  6:26  Sentry  
  57  6:32  Probe  
  60  6:37  Probe  
  61  6:50  Probe  
  60  6:57  Pylon  
  60  6:59  Pylon  
  60  7:04  Stargate  
  60  7:06  Probe  
  60  7:07  Stargate  
  60  7:08  Probe  
  61  7:10  Pylon  
  61  7:13  Pylon  
  62  7:16  Stalker x2  
  62  7:17  Stalker  
  62  7:21  Probe x2  
  70  7:31  Probe  
  71  7:48  Void Ray (Chrono Boost)  
  71  7:50  Void Ray (Chrono Boost)  
  79  7:59  Probe  
  79  8:01  Probe  
  79  8:02  Observer  
  82  8:13  Stalker x4  
Show
View Real Time Build Order
Export as new Build Order

UnaBaby Zerg 

Build Orders: Hatch First 

Get SALT Encoding   

  12  0:01  Drone  
  13  0:09  Drone  
  14  0:19  Overlord  
  14  0:23  Extractor  
  14  0:24  Drone  
  15  0:37  Drone  
  15  0:38  Drone  
  17  0:47  Drone  
  18  0:58  Hatchery  
  18  1:01  Drone  
  18  1:05  Extractor  
  17  1:15  Spawning Pool  
  17  1:17  Drone  
  17  1:20  Drone  
  18  1:30  Drone  
  19  1:38  Overlord  
  19  2:05  Queen, Zergling x2  
  19  2:06  Zergling x2  
  23  2:10  Queen  
  23  2:11  Drone  
  23  2:12  Drone  
  23  2:13  Metabolic Boost  
  27  2:21  Drone x2  
  29  2:38  Drone x2  
  32  2:51  Drone x2  
  32  2:56  Overlord  
  32  2:58  Drone  
  34  3:00  Hatchery  
  33  3:10  Zergling x4  
  35  3:16  Drone x4  
  35  3:17  Drone  
  40  3:24  Queen  
  42  3:29  Extractor  
  41  3:36  Lair  
  42  3:41  Drone x3  
  42  3:46  Overlord x2  
  44  4:01  Roach Warren  
  43  4:03  Extractor  
  41  4:12  Zergling x8  
  41  4:13  Zergling x8  
  42  4:49  Queen  
  42  5:05  Queen  
  44  5:08  Queen  
  44  5:12  Extractor, Drone x7  
  44  5:13  Drone  
  53  5:27  Glial Reconstitution  
  53  5:30  Hydralisk Den  
  53  5:31  Drone x3  
  55  5:41  Drone x3  
  58  5:50  Evolution Chamber  
  58  5:51  Evolution Chamber, Drone x2  
  58  5:57  Extractor  
  56  6:07  Roach x5  
  66  6:17  Overlord x2  
  66  6:18  Overlord x2  
  66  6:26  Zerg Missile Weapons Level 1  
  66  6:27  Zerg Ground Armor Level 1  
  66  6:39  Hydralisk  
  66  6:40  Hydralisk x9  
  86  6:54  Overseer  
  86  7:00  Roach  
  98  7:01  Roach x5  
  98  7:11  Nydus Network  
  97  7:16  Drone  
  97  7:19  Overlord x4  
  98  7:43  Overseer  
  98  7:45  Roach x11  
  120  7:59  Nydus Canal  
Tags
 
Matchup
PvZ
Replay Pack
All Mines
Spawn Locations
Cross Positions
Add a new tag
Caveats
  • Supply blocks, unpowered buildings, or Contaminate may cause inaccurate times.
  • Supply counts are checked every 10 seconds.